Map: Dreamcatcher LE

Players

RogueDefier

  • Race: Zerg Zerg
  • League: Gold
  • Spawn Location: 11:00

Sketchaphone - Winner!

  • Race: Zerg Zerg
  • League: Gold
  • Spawn Location: 5:00

VOD

Have the link to the VOD?

Description

Time

  • Played on: Nov. 11, 2018, 2:01 p.m.
  • Length: 5:55
Show
View Real Time Build Order
Export as new Build Order

RogueDefier Zerg 

Build Orders: Hatch First 

Get SALT Encoding   

  12  0:11  Overlord  
  12  0:19  Drone x2  
  14  0:29  Drone  
  15  0:35  Drone  
  16  0:52  Hatchery  
  16  0:56  Drone  
  16  0:59  Drone  
  17  1:10  Drone, Extractor  
  17  1:44  Drone x2, Extractor  
  17  1:45  Drone  
  19  1:48  Spawning Pool  
  18  2:00  Drone  
  19  2:06  Drone  
  19  2:07  Drone  
  21  2:25  Drone  
  21  2:26  Drone x2  
  21  2:29  Drone  
  25  2:35  Metabolic Boost  
  25  2:37  Overlord  
  25  2:38  Queen  
  27  2:47  Drone  
  28  2:54  Overlord, Queen  
  28  2:55  Overlord  
  30  3:00  Zergling x2  
  30  3:01  Zergling x2  
  30  3:05  Spine Crawler  
  31  3:11  Zergling x2  
  31  3:12  Zergling x2  
  29  3:46  Zergling x2  
  29  3:47  Zergling x10  
  33  3:53  Queen x2  
  35  3:58  Zergling x6  
  35  3:59  Zergling x2  
  38  4:12  Drone x4  
  38  4:16  Drone  
  38  4:17  Drone  
  44  4:28  Queen  
  44  4:30  Drone x2  
  39  4:38  Zergling x2  
  39  4:39  Zergling x2  
  36  4:50  Zergling x4  
  17  5:00  Drone  
  17  5:05  Drone x3  
  21  5:15  Drone x2  
  21  5:20  Drone  
  24  5:24  Drone  
  25  5:32  Drone  
  26  5:39  Drone x4  
Show
View Real Time Build Order
Export as new Build Order

Sketchaphone Zerg - Winner!

Build Orders: Pool First 

Get SALT Encoding   

  12  0:01  Drone  
  13  0:12  Overlord  
  13  0:20  Drone  
  14  0:32  Drone x2  
  16  0:47  Drone, Extractor  
  16  0:52  Spawning Pool  
  16  0:53  Drone  
  16  1:20  Hatchery  
  15  1:28  Drone  
  15  1:29  Drone  
  15  1:30  Drone  
  18  1:45  Drone  
  19  1:50  Queen  
  19  1:52  Drone  
  22  1:58  Metabolic Boost  
  22  2:06  Overlord  
  22  2:27  Zergling x2  
  22  2:28  Zergling x2  
  24  2:33  Queen  
  24  2:35  Overlord, Drone  
  27  2:46  Zergling x4  
  29  2:56  Zergling x4  
  29  2:57  Baneling Nest  
  30  3:09  Zergling x8  
  34  3:15  Zergling x2  
  35  3:20  Zergling x2  
  34  3:47  Zergling x14  
  40  3:49  Overlord, Drone x2  
  41  4:02  Drone  
  41  4:03  Drone  
  41  4:10  Baneling x3  
  41  4:11  Zergling x4, Baneling  
  41  4:15  Drone  
  40  4:43  Baneling x2  
  40  4:44  Zergling x8  
  40  4:45  Zergling x2  
  43  4:47  Drone  
  37  5:00  Zergling x6  
  37  5:01  Hatchery  
  37  5:03  Drone  
  37  5:05  Queen  
  42  5:13  Overlord, Roach Warren  
  42  5:14  Drone  
  42  5:18  Overlord  
  42  5:19  Zergling x2  
  43  5:24  Baneling  
  43  5:25  Baneling x3  
  43  5:26  Zergling x2, Baneling  
  44  5:34  Drone x2  
Tags
 
League
GoldGold
Matchup
ZvZ
Race
Zerg
Replay Pack
init
Spawn Locations
Cross Positions
Add a new tag
Caveats
  • Supply blocks, unpowered buildings, or Contaminate may cause inaccurate times.
  • Supply counts are checked every 10 seconds.